Map: Ice and Chrome LE

Players

EnDerr

  • Race: Zerg Zerg
  • League: Master
  • Spawn Location: 1:00

NXZ - Winner!

  • Race: Zerg Zerg
  • Spawn Location: 7:00

Event: DreamHack SC2 Masters 2020 Summer Oceania RoA

VOD

Have the link to the VOD?

Description

Time

  • Played on: June 25, 2020, 6:38 a.m.
  • Length: 10:14

All games in this series

Show
View Real Time Build Order
Export as new Build Order

EnDerr Zerg 

Build Orders: 3 Hatch before Pool 

Get SALT Encoding   

  12  0:00  Drone  
  13  0:08  Drone  
  14  0:17  Overlord  
  15  0:35  Drone x2  
  15  0:36  Drone  
  17  0:54  Hatchery  
  16  0:58  Drone  
  16  1:01  Drone  
  18  1:09  Drone  
  19  1:25  Hatchery  
  18  1:32  Extractor  
  17  1:38  Spawning Pool  
  16  1:42  Drone  
  16  1:45  Drone  
  18  1:48  Drone  
  19  1:56  Drone  
  20  2:08  Drone x2  
  22  2:18  Drone x2  
  24  2:25  Queen  
  24  2:27  Zergling x2  
  24  2:28  Zergling x2  
  28  2:35  Metabolic Boost  
  28  2:39  Queen  
  28  2:43  Queen  
  32  2:48  Drone  
  32  2:49  Drone  
  34  2:58  Overlord  
  34  2:59  Baneling Nest  
  34  3:04  Drone  
  34  3:05  Overlord  
  34  3:18  Zergling x6  
  34  3:19  Drone x2  
  39  3:20  Drone  
  39  3:28  Zergling x4  
  41  3:42  Drone x2  
  41  3:43  Baneling, Evolution Chamber  
  42  3:51  Overlord  
  42  3:52  Zergling x2  
  42  3:53  Drone x4  
  42  3:54  Drone x2  
  49  3:59  Overlord  
  49  4:01  Drone  
  50  4:09  Zerg Missile Weapons Level 1  
  49  4:12  Extractor  
  49  4:14  Baneling x2  
  49  4:15  Baneling, Roach Warren  
  47  4:17  Zergling x2  
  47  4:18  Zergling x4  
  47  4:20  Roach Warren  
  47  4:23  Overlord  
  50  4:25  Zergling x2  
  50  4:27  Drone  
  50  4:42  Drone x6  
  56  4:48  Lair  
  56  4:49  Overlord  
  55  4:55  Zergling x4  
  57  5:00  Extractor  
  57  5:01  Overlord  
  57  5:03  Drone x2  
  58  5:08  Drone x5  
  61  5:16  Drone  
  61  5:19  Overlord  
  61  5:25  Zergling x4  
  58  5:36  Baneling x2, Zergling x2  
  58  5:37  Zergling x12  
  65  5:46  Glial Reconstitution  
  65  5:48  Roach x4  
  65  5:49  Overseer, Roach  
  75  5:53  Roach  
  77  6:00  Roach x3  
  77  6:01  Roach  
  85  6:05  Overlord x2  
  85  6:06  Overlord  
  85  6:07  Roach x2  
  89  6:18  Roach  
  88  6:21  Roach x4  
  94  6:26  Roach  
  94  6:28  Roach x2  
  94  6:30  Roach  
  94  6:31  Roach  
  104  6:37  Zergling x2  
  104  6:38  Zergling x14  
  112  6:42  Burrow  
  112  6:47  Zergling x4  
  112  6:53  Zergling x2  
  112  6:54  Zergling x4  
  117  6:58  Zergling x6  
  117  7:00  Zergling x2  
  117  7:01  Zergling x4  
  115  7:02  Zergling x4  
  115  7:05  Zergling x2  
  105  7:13  Zergling x8  
  103  7:16  Zergling x2  
  103  7:20  Zergling x2  
  100  7:23  Zergling x2  
  100  7:27  Zergling x6  
  100  7:28  Zergling x2  
  98  7:33  Roach x3, Queen  
  98  7:34  Queen  
  95  7:42  Spore Crawler  
  95  7:43  Drone x4  
  92  7:46  Spore Crawler  
  92  7:50  Zergling x6  
  86  7:53  Roach x2  
  86  7:57  Roach x2  
  86  7:58  Roach  
  94  8:00  Tunneling Claws  
  94  8:04  Roach x3  
  97  8:05  Roach  
  97  8:09  Roach  
  96  8:13  Roach x2  
  96  8:17  Roach x3  
  103  8:20  Roach  
  103  8:23  Queen  
  108  8:27  Roach  
  108  8:28  Roach  
  108  8:31  Roach  
  108  8:32  Roach  
  111  8:36  Roach  
  111  8:39  Roach  
  111  8:40  Roach x2  
  112  8:53  Roach x2  
  112  8:54  Roach  
  112  8:55  Roach  
  114  9:02  Spore Crawler x2  
  104  9:08  Roach x3  
  104  9:13  Roach x2  
  104  9:14  Roach x4  
  108  9:18  Roach  
  108  9:19  Roach  
  108  9:23  Extractor  
  108  9:24  Extractor  
  100  9:32  Roach x4  
  100  9:34  Spore Crawler  
  98  9:40  Roach  
  98  9:41  Roach x7  
Show
View Real Time Build Order
Export as new Build Order

NXZ Zerg - Winner!

Build Orders: Hatch First 

Get SALT Encoding   

  12  0:00  Drone  
  13  0:12  Overlord  
  13  0:17  Drone  
  14  0:31  Drone x2  
  16  0:47  Hatchery  
  15  0:51  Drone  
  15  0:54  Drone  
  17  0:57  Drone  
  18  1:08  Extractor  
  17  1:13  Spawning Pool  
  17  1:15  Drone  
  17  1:19  Drone  
  18  1:29  Drone  
  19  1:40  Drone  
  19  1:47  Evolution Chamber  
  19  1:50  Drone  
  20  2:00  Queen x2  
  20  2:01  Overlord  
  24  2:03  Zergling x2  
  25  2:13  Zerg Melee Weapons Level 1, Drone  
  26  2:15  Drone  
  26  2:20  Drone  
  28  2:23  Drone  
  29  2:31  Drone  
  29  2:32  Drone  
  31  2:45  Metabolic Boost  
  31  2:50  Hatchery  
  30  2:52  Drone  
  30  2:56  Overlord  
  31  2:59  Zergling x2  
  31  3:01  Zergling x2  
  33  3:07  Baneling Nest  
  33  3:10  Drone x2  
  34  3:13  Drone  
  34  3:15  Drone  
  36  3:24  Drone x4  
  40  3:27  Drone  
  40  3:31  Overlord  
  41  3:35  Overlord  
  41  3:41  Drone  
  41  3:45  Zergling x2  
  41  3:46  Zergling x2  
  44  3:51  Baneling x2  
  44  3:55  Zergling x2  
  44  3:56  Zergling x6  
  44  3:59  Zergling x2  
  49  4:02  Queen  
  49  4:03  Zergling x2  
  49  4:04  Zergling x2  
  53  4:11  Lair  
  53  4:13  Drone x4  
  53  4:14  Drone, Extractor  
  53  4:16  Drone  
  57  4:18  Drone  
  57  4:20  Drone  
  59  4:27  Spine Crawler  
  57  4:40  Drone x6, Extractor  
  57  4:45  Spine Crawler  
  61  4:46  Baneling x2  
  61  4:59  Drone x4  
  65  5:00  Overlord x2  
  65  5:12  Spire  
  62  5:22  Extractor  
  60  5:30  Drone  
  60  5:33  Drone x2  
  60  5:34  Drone x8  
  71  5:38  Drone x5  
  71  5:39  Extractor  
  71  5:40  Extractor  
  74  5:44  Zerg Melee Weapons Level 2  
  74  5:46  Overlord x2  
  74  5:52  Hatchery  
  71  6:07  Zergling x2  
  71  6:08  Zergling x16  
  71  6:10  Zergling x2  
  83  6:19  Zergling x4  
  77  6:27  Mutalisk x7  
  77  6:30  Mutalisk  
  77  6:32  Drone x2  
  95  6:34  Drone  
  95  6:35  Drone x2  
  95  6:39  Zerg Flyer Weapons Level 1  
  98  6:45  Overlord x3  
  95  6:56  Mutalisk  
  95  6:57  Mutalisk  
  93  7:01  Zergling x8  
  93  7:03  Mutalisk  
  93  7:04  Mutalisk  
  99  7:08  Zergling x12  
  92  7:31  Mutalisk  
  92  7:32  Mutalisk x3  
  98  7:42  Zergling x2  
  98  7:43  Zergling x10  
  102  7:49  Zergling x2  
  102  7:50  Zergling x6  
  101  7:57  Zergling x6  
  101  7:58  Zergling x6  
  103  8:12  Mutalisk x2  
  102  8:20  Overseer  
  102  8:32  Queen x3  
  102  8:34  Zergling x12  
  105  8:40  Zergling x8  
  110  8:53  Overseer  
  110  8:59  Mutalisk  
  112  9:03  Zergling x4  
  112  9:04  Zergling x14  
  121  9:11  Pneumatized Carapace  
  121  9:17  Mutalisk  
  121  9:20  Zergling x8  
  127  9:27  Overlord x3  
  125  9:41  Zergling x4  
Tags
 
Add a new tag
Caveats
  • Supply blocks, unpowered buildings, or Contaminate may cause inaccurate times.
  • Supply counts are checked every 10 seconds.